 Dungeon Crawl Stone Soup version 0.16.2-12-gd0ad4c3 (webtiles) character file.

77361 Kloppie the Warrior (level 15, -5/144 HPs)
             Began as a Minotaur Berserker on Oct 30, 2015.
             Was a High Priest of Trog.
             Shot with a bolt by a naga sharpshooter (10 damage)
             ... led by Vashnia
             ... on level 2 of the Snake Pit.
             The game lasted 01:16:33 (27776 turns).

Kloppie the Warrior (Minotaur Berserker)           Turns: 27776, Time: 01:16:33

Health: -5/144     AC: 27    Str: 23    XL:     15   Next: 15%
Magic:  8/8        EV: 13    Int:  4    God:    Trog [*****.]
Gold:   3457       SH:  0    Dex: 15    Spells: 0 memorised, 14 levels left

rFire  . . .     SeeInvis .     b - +8 bardiche (antimagic)
rCold  . . .     Clarity  .     t - +0 plate armour
rNeg   . . .     SustAb   .     (no shield)
rPois  +         Gourm    +     f - +2 hat
rElec  .         Spirit   .     E - +0 cloak
rCorr  .         Warding  .     m - +2 pair of gloves
rMut   .         Stasis   .     B - +1 pair of boots
MR     +++++                    Q - amulet of Heugros {Gourm rPois}
Stlth  ..........               P - ring of protection from magic
                                O - ring of protection from magic

@: regenerating, almost entirely resistant to hostile enchantments, extremely
unstealthy
A: retaliatory headbutt, horns 2
a: Burn Spellbooks, Berserk, Trog's Hand, Brothers in Arms, Renounce Religion


You were on level 2 of the Snake Pit.
You worshipped Trog.
Trog was extremely pleased with you.
You were not hungry.

You visited 4 branches of the dungeon, and saw 26 of its levels.
You also visited: Ice Cave.

You collected 3457 gold pieces.

Inventory:

Hand weapons
 a - a +1 trident of venom
 b - a +8 antimagic bardiche (weapon)
Missiles
 r - 6 steel javelins (quivered)
Armour
 f - a +2 hat (worn)
 m - a +2 pair of gloves (worn)
 t - a +0 plate armour (worn)
 B - a +1 pair of boots (worn)
 E - a +0 cloak (worn)
Jewellery
 g - a +4 ring of slaying
 p - an uncursed ring of protection from cold
 y - an uncursed amulet of resist mutation
 C - an uncursed ring of fire
 D - the ring of Joy {Ice Dex+3}
   (You found it in an ice cave)

   [ring of ice]

   It enhances your ice magic, and weakens your fire magic.
   It affects your dexterity (+3).
   It makes you vulnerable to fire.
   It protects you from cold.
 O - a ring of protection from magic (left hand)
 P - a ring of protection from magic (right hand)
 Q - the amulet of Heugros (around neck) {Gourm rPois}
   (You found it in an ice cave)

   [amulet of the gourmand]

   It allows you to eat raw meat even when not hungry.
   It protects you from poison.
 Z - an uncursed ring of positive energy
Magical devices
 d - a wand of heal wounds (5)
 i - a wand of hasting (5)
 q - a wand of teleportation (2)
 H - a wand of lightning (5)
 J - a wand of teleportation (3)
 K - a wand of digging (6)
Scrolls
 k - a scroll of holy word
 l - 8 scrolls of remove curse
 n - a scroll of fear
 s - 3 scrolls of recharging
 u - a scroll of blinking
 x - 5 scrolls of teleportation
 L - 2 scrolls of magic mapping
Potions
 e - a potion of agility
 h - 2 potions of cancellation
 o - 5 potions of curing
 v - a potion of brilliance
 w - 3 potions of restore abilities
 z - 6 potions of might
 G - 3 potions of cure mutation
 N - a potion of mutation {unknown}
 U - 3 potions of resistance
 W - a potion of haste
 X - a potion of invisibility {unknown}
 Y - 2 potions of beneficial mutation {unknown}
Books
 I - a book of Ice

   Spells                             Type                      Level
   a - Ice Form                       Ice/Transmutation            4
   b - Metabolic Englaciation         Hexes/Ice                    5
   c - Ozocubu's Refrigeration        Ice                          6
   d - Bolt of Cold                   Conjuration/Ice              6
   e - Freezing Cloud                 Conjuration/Ice/Air          6
   f - Simulacrum                     Ice/Necromancy               6
   Trog disapproves of the use of such an item.
Comestibles
 c - 9 bread rations
 j - a royal jelly


   Skills:
 + Level 16.1 Fighting
 - Level 15.0 Polearms
 + Level 16.1 Armour
 - Level 11.3 Dodging
 - Level 10.0 Evocations


You had 14 spell levels left.
You didn't know any spells.

Dungeon Overview and Level Annotations

Branches:
Dungeon (12/15)            Temple (0/1) D:7            Lair (7/8) D:9
 Shoals (0/5) Lair:3        Snake (3/5) Lair:5        Slime (0/6) Lair:6
    Orc (4/4) D:12            Elf (0/3) Orc:4

Altars:
Ashenzari
Elyvilon
Gozag
Makhleb
Okawaru
Trog
Vehumet
Xom
Yredelemnul
Zin
The Shining One
Beogh
Jiyva

Shops:
D:4 *   D:6 *   D:7 ((   Orc:4 ***!

Annotations:
Snake:2 Vashnia


Innate Abilities, Weirdness & Mutations

You reflexively headbutt those who attack you in melee.
You have a pair of horns on your head.


Message History

Drink which item? (? for menu, Esc to quit)
You feel better.
Vashnia blinks!
The naga sharpshooter casts a spell.
The naga sharpshooter magically shoots a bolt.
The bolt hits you!
* * * LOW HITPOINT WARNING * * *
The bolt freezes you.
* * * LOW HITPOINT WARNING * * *
The naga sharpshooter shoots a bolt.
The bolt hits your troll!! The bolt freezes your troll.
Your troll dies!
Your troll's corpse disappears in a puff of smoke!
Your two-headed ogre closely misses the naga sharpshooter.
Your two-headed ogre misses the naga sharpshooter.
Your two-headed ogre barely misses the naga sharpshooter.
Your two-headed ogre hits the naga sharpshooter with a giant club!!
The naga sharpshooter casts a spell.
The naga sharpshooter magically shoots a bolt.
The bolt hits you!
You die...

.# ##.......(..............# .#
#..#####N......#........#
.##########.O(.>...#.......##
###.....##.........#.......# ##
##.....###........#.......# #.
##.......##....(.........^## #.
##.......###...(..#####..## ##
##........####(#.## ####.#### ##
##........###((#@####.......# ##.
..........##.#....##........###..
#.#.......#......(.#.......##....
#.#........#.....#.#.............
.#.#......##.....#........#####..
.#.##...........#........## #...
..#.#...........##......## #...
..#..##..#......##....### #...
..##)#..##.....####.### #...


You could see a naga sharpshooter and a friendly two-headed ogre (berserk).

Vanquished Creatures
  A greater naga (Snake:2)
  Maud (Lair:3)
  Gastronok (Lair:2)
  7 hydras
  2 naga warriors (Snake:2)
  An ice dragon (IceCv)
  Erica (D:10)
  3 death yaks (Lair:5)
  2 orc high priests
  4 naga sharpshooters
  A shock serpent (Snake:2)
  Nergalle (Lair:5)
  A tengu warrior (D:12)
  3 orc knights
  2 ice statues (IceCv)
  3 hill giants
  An oklob plant (Orc:2)
  An orc sorcerer (Orc:4)
  12 black mambas
  2 cyclopes (D:12)
  2 griffons
  3 salamanders (Snake:2)
  Joseph (Orc:2)
  A siren (Lair:3)
  5 elephants (Lair:2)
  A centaur zombie (D:12)
  3 naga magi (Snake:2)
  4 guardian serpents
  A gargoyle (D:11)
  9 spiny frogs
  5 komodo dragons
  3 fire drakes
  24 blink frogs
  5 polar bears
  A merfolk (Lair:3)
  A two-headed ogre (D:8)
  5 slime creatures (D:12)
  6 trolls
  A troll (shapeshifter) (D:12)
  2 trapdoor spider zombies
  6 hippogriffs
  2 humans (D:9)
  32 yaks
  A wraith (D:12)
  A deep elf mage (D:6)
  2 hungry ghosts
  11 wolves
  5 wargs
  3 vampire mosquitoes (D:9)
  13 nagas
  15 porcupines
  A soldier ant (D:9)
  24 water moccasins
  2 sky beasts
  29 ice beasts
  2 black bears
  A spider (D:9)
  13 ogres
  2 phantoms
  17 orc warriors
  2 wasps
  6 boring beetles
  11 centaurs
  A necrophage (D:11)
  9 crocodiles
  An eye of draining (D:10)
  6 big kobolds
  2 brain worms
  14 giant frogs
  A water moccasin zombie (D:10)
  2 scorpions
  10 killer bees (D:10)
  2 electric eels
  A goliath beetle (D:10)
  6 crimson imps
  A quasit (D:11)
  2 jellies
  9 hounds
  2 giant frog skeletons
  25 orc priests
  29 orc wizards
  Natasha (thrice) (D:3)
  9 iguanas
  6 worker ants
  4 sheep (Lair:7)
  Ijyb (D:3)
  Terence (D:2)
  A hound skeleton (D:4)
  21 adders
  86 river rats
  A giant mite (D:4)
  2 worms (D:5)
  An adder skeleton (D:5)
  2 oozes
  174 orcs
  2 ball pythons
  A bat zombie (D:5)
  7 giant cockroaches
  25 goblins
  18 hobgoblins
  30 kobolds
  12 quokkas
  12 bats
  6 giant geckos
  4 giant newts
  A giant spore (D:7)
  19 jackals
  14 rats
  4 spectral orcs
  4 ballistomycetes (D:7)
928 creatures vanquished.

Vanquished Creatures (collateral kills)
  An ice dragon (IceCv)
  A naga warrior (Snake:1)
  2 orc high priests (Orc:4)
  A soul eater (Orc:4)
  3 orc knights (Orc:4)
  2 orc sorcerers (Orc:4)
  A griffon (D:12)
  A sixfirhy (Orc:4)
  A black mamba (Snake:2)
  A yaktaur (D:12)
  A blue devil (Orc:4)
  A hippogriff (D:12)
  A water moccasin (Snake:1)
  A warg (Orc:4)
  A naga (Snake:1)
  2 orc warriors (Orc:4)
  An ogre (Orc:4)
  2 orc priests (Orc:4)
  4 orc wizards (Orc:4)
  13 orcs (Orc:4)
  A goblin (Orc:4)
42 creatures vanquished.

Vanquished Creatures (others)
  A troll (Snake:2)
  A water moccasin (Snake:1)
  An ogre (Orc:4)
  A giant spore (D:6)
  A ballistomycete (D:6)
  10 fungi
  3 plants
18 creatures vanquished.

Grand Total: 988 creatures vanquished

Notes
Turn   | Place    | Note
--------------------------------------------------------------
     0 | D:1      | Kloppie, the Minotaur Berserker, began the quest for the Orb.
     0 | D:1      | Reached XP level 1. HP: 19/19 MP: 1/1
   169 | D:1      | Reached skill level 4 in Polearms
   169 | D:1      | Reached XP level 2. HP: 27/27 MP: 1/1
  1060 | D:2      | Acquired Trog's second power
  1147 | D:2      | Reached XP level 3. HP: 32/34 MP: 2/2
  1161 | D:2      | Noticed Terence
  1172 | D:2      | Killed Terence
  1702 | D:3      | Noticed Natasha
  1711 | D:3      | Killed Natasha
  1711 | D:3      | Reached skill level 5 in Fighting
  1711 | D:3      | Reached XP level 4. HP: 32/42 MP: 2/2
  1770 | D:3      | Reached skill level 5 in Polearms
  1867 | D:3      | Noticed Natasha
  1872 | D:3      | Killed Natasha
  2021 | D:3      | Found a shattered altar of Ashenzari.
  2038 | D:3      | Reached XP level 5. HP: 43/50 MP: 2/2
  2070 | D:3      | Found a bloodstained altar of Trog.
  2127 | D:3      | Noticed Natasha
  2134 | D:3      | Killed Natasha
  2677 | D:3      | Noticed Ijyb
  2697 | D:3      | Killed Ijyb
  2697 | D:3      | Reached skill level 6 in Fighting
  2954 | D:4      | Found Tyahouj's General Store.
  2989 | D:4      | Reached XP level 6. HP: 57/57 MP: 3/3
  3175 | D:4      | Got a crude chain mail
  3269 | D:4      | Noticed an ogre
  3279 | D:4      | Killed an ogre
  3397 | D:4      | Noticed an ogre
  3404 | D:4      | Killed an ogre
  3404 | D:4      | Reached skill level 7 in Fighting
  3716 | D:4      | Identified the cursed -1 chain mail of Happiness {Int+2 Stlth+} (You found it on level 4 of the Dungeon)
  3780 | D:5      | Entered Level 5 of the Dungeon
  3800 | D:5      | Reached XP level 7. HP: 66/66 MP: 3/3
  4011 | D:5      | Acquired Trog's third power
  4258 | D:5      | Found a shimmering altar of Xom.
  4365 | D:5      | Received a gift from Trog
  4382 | D:5      | Noticed a water moccasin
  4389 | D:5      | Killed a water moccasin
  4389 | D:5      | Reached skill level 8 in Fighting
  5066 | D:5      | Reached XP level 8. HP: 77/77 MP: 3/3
  5227 | D:6      | Reached skill level 9 in Fighting
  5929 | D:6      | Found an opulent altar of Gozag.
  5936 | D:6      | Found Gozag's Platinum Reserve.
  6018 | D:7      | Found Woidit Teta's Antique Weapon Shoppe.
  6206 | D:7      | Reached skill level 10 in Polearms
  6267 | D:7      | Found a white marble altar of Elyvilon.
  6267 | D:7      | Found a glowing silver altar of Zin.
  6268 | D:7      | Found a glowing golden altar of the Shining One.
  6277 | D:7      | Reached skill level 10 in Fighting
  6503 | D:7      | Reached XP level 9. HP: 68/85 MP: 4/4
  6555 | D:7      | Found a burning altar of Makhleb.
  6620 | D:7      | Found a radiant altar of Vehumet.
  6673 | D:7      | Found a staircase to the Ecumenical Temple.
  6740 | D:7      | Found Thun's Weapon Boutique.
  6852 | D:7      | Reached skill level 5 in Armour
  6953 | D:7      | Found a basalt altar of Yredelemnul.
  7048 | D:8      | Reached skill level 5 in Dodging
  7466 | D:8      | Found an iron altar of Okawaru.
  7884 | D:9      | Got a smoking spear
  7888 | D:9      | Identified the +6 spear of Cruel Justice {freeze, +Rage rC- MR+ Str+3 Dex+4} (You found it on level 9 of the Dungeon)
  8009 | D:9      | Found an iron altar of Okawaru.
  8018 | D:9      | Reached XP level 10. HP: 75/93 MP: 4/4
  8101 | D:9      | Found a bloodstained altar of Trog.
  8134 | D:9      | Found a staircase to the Lair.
  8711 | D:10     | Entered Level 10 of the Dungeon
  9100 | D:10     | Found a staircase to the Lair.
  9372 | D:10     | Reached skill level 10 in Armour
  9809 | D:10     | Noticed Erica
  9820 | D:10     | Killed Erica
  9820 | D:10     | Reached skill level 10 in Dodging
 10020 | D:10     | Noticed a hill giant
 10027 | D:10     | Killed a hill giant
 10064 | D:10     | Received a gift from Trog
 10064 | D:10     | Reached skill level 11 in Dodging
 10250 | Lair:1   | Entered Level 1 of the Lair of Beasts
 10267 | Lair:1   | Identified a scroll of acquirement
 10316 | Lair:1   | Reached XP level 11. HP: 90/99 MP: 4/4
 10317 | Lair:1   | Found a frozen archway.
 10335 | Lair:1   | Reached skill level 1 in Evocations
 10366 | IceCv    | Entered an ice cave
 10665 | IceCv    | Noticed an ice statue
 10905 | IceCv    | Noticed an ice statue
 11101 | IceCv    | Killed an ice statue
 11220 | IceCv    | Killed an ice statue
 11287 | IceCv    | Noticed an ice dragon
 11303 | IceCv    | Noticed an ice dragon
 11303 | IceCv    | Killed an ice dragon
 11310 | IceCv    | Killed an ice dragon
 11515 | IceCv    | Got a faintly glowing amethyst amulet
 11517 | IceCv    | Got a vibrating jade ring
 11520 | IceCv    | Identified the ring of Joy {Ice Dex+3} (You found it in an ice cave)
 11607 | Lair:1   | Reached skill level 5 in Evocations
 12234 | Lair:1   | Got a dazzling war axe
 12631 | Lair:2   | Reached skill level 12 in Polearms
 12982 | Lair:2   | Reached XP level 12. HP: 106/106 MP: 18/18
 13117 | Lair:2   | Noticed Gastronok
 13140 | Lair:2   | Killed Gastronok
 13140 | Lair:2   | Reached skill level 13 in Polearms
 13871 | Lair:3   | Noticed Maud
 13881 | Lair:3   | Killed Maud
 14181 | Lair:3   | Found a staircase to the Shoals.
 14202 | Lair:3   | Received a gift from Trog
 14202 | Lair:3   | Reached skill level 14 in Polearms
 14660 | Lair:4   | Identified the amulet of Heugros {Gourm rPois} (You found it in an ice cave)
 14841 | Lair:4   | Noticed an eight-headed hydra
 14852 | Lair:4   | Killed an eight-headed hydra
 15004 | Lair:4   | Noticed a six-headed hydra
 15014 | Lair:4   | Killed a six-headed hydra
 15014 | Lair:4   | Reached skill level 10 in Evocations
 15187 | Lair:4   | Noticed an eight-headed hydra
 15196 | Lair:4   | Killed an eight-headed hydra
 15215 | Lair:4   | Reached XP level 13. HP: 113/113 MP: 22/22
 15475 | Lair:4   | Reached skill level 15 in Polearms
 15726 | Lair:5   | Found a staircase to the Snake Pit.
 16181 | Lair:5   | Noticed Nergalle
 16208 | Lair:5   | Killed Nergalle
 16849 | Lair:6   | Found a staircase to the Slime Pits.
 16851 | Lair:6   | Found a viscous altar of Jiyva.
 16961 | Lair:6   | Received a gift from Trog
 19299 | D:11     | Received a gift from Trog
 19847 | D:12     | Found a staircase to the Orcish Mines.
 19872 | D:12     | Reached XP level 14. HP: 126/129 MP: 7/23
 21199 | Orc:1    | Entered Level 1 of the Orcish Mines
 21276 | Orc:1    | Found a roughly hewn altar of Beogh.
 21664 | Orc:3    | Found a runed door.
 22267 | Orc:3    | Received a gift from Trog
 22333 | Orc:3    | Found a roughly hewn altar of Beogh.
 22473 | Orc:2    | Noticed Joseph
 22700 | Orc:2    | Killed Joseph
 23159 | Orc:2    | Received a gift from Trog
 23636 | Orc:4    | Entered Level 4 of the Orcish Mines
 23687 | Orc:4    | Found a staircase to the Elven Halls.
 24213 | Orc:4    | Received a gift from Trog
 24607 | Orc:4    | Reached skill level 15 in Armour
 24609 | Orc:4    | Reached skill level 15 in Fighting
 24618 | Orc:4    | Found Gaig's General Store.
 24621 | Orc:4    | Found Hocumora's General Store.
 24622 | Orc:4    | Found Ficwamywn's General Store.
 24623 | Orc:4    | Found Awoxuk's Distillery.
 25082 | Snake:1  | Entered Level 1 of the Snake Pit
 26583 | Snake:2  | Reached XP level 15. HP: 127/143 MP: 8/25
 27214 | Snake:3  | Noticed Vashnia
 27443 | Snake:1  | Reached skill level 16 in Armour
 27773 | Snake:2  | HP: 3/144 [naga sharpshooter/bolt[Vashnia] (15)]
 27773 | Snake:2  | HP: 1/144 [naga sharpshooter/bolt[Vashnia] (2)]
 27776 | Snake:2  | Shot with a bolt by a naga sharpshooter

Action                   |  1- 3 |  4- 6 |  7- 9 | 10-12 | 13-15 || total
-------------------------+-------+-------+-------+-------+-------++-------
Melee: Spear             |   100 |   228 |    54 |       |       ||   382
       Trident           |       |       |   369 |   497 |    61 ||   927
       Glaive            |       |       |       |   333 |   229 ||   562
       Halberd           |       |       |       |       |   520 ||   520
       Bardiche          |       |       |       |       |   457 ||   457
Throw: Javelin           |       |       |     3 |       |       ||     3
Invok: Berserk           |     1 |     1 |       |     9 |     1 ||    12
       Trog's Hand       |       |       |       |     6 |     7 ||    13
       Brothers in Arms  |       |       |       |     1 |     8 ||     9
Evoke: Wand              |       |       |       |     8 |       ||     8
  Use: Scroll            |       |    15 |     5 |    10 |    12 ||    42
       Potion            |       |       |       |       |     6 ||     6
 Stab: Distracted        |       |       |       |       |     2 ||     2
       Fleeing           |       |       |       |       |     1 ||     1
  Eat: Chunk             |     3 |     8 |     8 |    29 |    38 ||    86
       Meat ration       |       |       |     1 |       |     1 ||     2
       Beef jerky        |       |       |       |     5 |     1 ||     6
       Pizza             |       |       |       |       |     2 ||     2
